 Dungeon Crawl Stone Soup version 0.23-a0-767-gdc19b93d68 (webtiles) character file.

616564 Oravi the Executioner (level 27, -10/267 HPs)
             Began as a Formicid Arcane Marksman on Jan 22, 2019.
             Was the Champion of Okawaru.
             Killed by the effects of Hell (27 damage)
             ... on level 7 of Cocytus on Jan 23, 2019.
             The game lasted 13:49:41 (105027 turns).

Oravi the Executioner (Formicid Arcane Marksman)  Turns: 105027, Time: 13:49:45

Health: -10/267    AC: 33    Str: 20    XL:     27
Magic:  3/47       EV: 19    Int: 24    God:    Okawaru [******]
Gold:   4321       SH: 32    Dex: 15    Spells: 7/66 levels left

rFire    + + .     SeeInvis +   a - +12 executioner's axe of Cocytus {freeze, rF+ rN+}
rCold    + + .     Gourm    .   G - +6 large shield {reflect}
rNeg     + + +     Faith    .   (armour currently unavailable)
rPois    ∞         Spirit   .   (helmet unavailable)
rElec    +         Reflect  +   Z - +2 cloak {MR+}
rCorr    .         Harm     .   (gloves currently unavailable)
MR       +++++                  (boots currently unavailable)
Stlth    +++.......             s - amulet "Suaxih" {Reflect +Inv rN+ SH+4}
HPRegen  0.54/turn              g - ring of the Mage {Wiz MR++ Int+3}
MPRegen  0.30/turn              H - ring "Tuebaeso" {rF+ rC++ Dex+4}

@: statue-form (expiring), heroism, very slow
A: permanent stasis, dig shafts and tunnels, four strong arms, antennae 3
}: 3/15 runes: serpentine, barnacled, silver
a: Dig, Shaft Self, End Transformation, Heroism, Finesse, Renounce Religion,
Evoke Invisibility


You were on level 7 of Cocytus.
You worshipped Okawaru.
Okawaru was exalted by your worship.
You were hungry.
You were a stone statue.
You visited 12 branches of the dungeon, and saw 56 of its levels.
You visited the Abyss 1 time.
You visited 1 bazaar.
You also visited: Trove.

You collected 7317 gold pieces.
You spent 2996 gold pieces at shops.

Inventory:

Hand Weapons
 a - the +12 executioner's axe of Cocytus (weapon) {freeze, rF+ rN+}
   (Okawaru gifted it to you on level 1 of the Depths)

   It has been specially enchanted to freeze those struck by it, causing extra
   injury to most foes and up to half again as much damage against particularly
   susceptible opponents.
   It can also slow down cold-blooded creatures.
   It protects you from fire.
   It protects you from negative energy.
 b - a +4 fustibalus of electrocution
 e - a +0 executioner's axe of chopping
 h - the +8 frozen axe "Frostbite" {freezing cloud, *Noise +Fly rC+}
   (Okawaru gifted it to you on level 1 of the Vaults)

   It has been specially enchanted to freeze those struck by it, causing extra
   injury to most foes and up to half again as much damage against particularly
   susceptible opponents.
   It can also slow down cold-blooded creatures.
   It protects you from cold.
   It lets you fly.
   It may make noises in combat.
 n - a +6 blowgun
 U - the +3 executioner's axe of Imminent Death {chop, rF++}
   (Okawaru gifted it to you on level 3 of the Vaults)

   It inflicts extra damage upon your enemies.
   It greatly protects you from fire.
Missiles
 d - 743 sling bullets
 l - 540 stones (quivered)
 F - 1731 arrows
 P - a throwing net {!f}
Armour
 w - the +0 pair of gloves of Belyumu (melded) {Int+5}
   (Okawaru gifted it to you on level 11 of the Dungeon)

   It affects your intelligence (+5).
 A - quicksilver dragon scales (melded)
 G - a +6 large shield of reflection (worn)
 W - a +2 pair of boots (melded)
 Z - a +2 cloak of magic resistance (worn)
Jewellery
 c - the ring "Koeplotz" {rF+ Str+4 Dex+3 SInv}
   (You found it in a treasure trove)

   [ring of protection from fire]

   It affects your strength (+4).
   It affects your dexterity (+3).
   It protects you from fire.
   It lets you see invisible.
 g - the ring of the Mage (left hand) {Wiz MR++ Int+3}
   (You bought it in a shop in a bazaar)

   [ring of wizardry]

   It improves your spell success rate.
   It affects your intelligence (+3).
   It affects your resistance to hostile enchantments.
 s - the amulet "Suaxih" (around neck) {Reflect +Inv rN+ SH+4}
   (You found it on level 6 of the Dungeon)

   [amulet of reflection]

   It shields you and reflects attacks.
   It protects you from negative energy.
   It lets you turn invisible.
   It affects your SH (+4).
 y - the ring of Shadows {Umbra +Inv Stlth+}
   (You found it on level 5 of the Vaults)

   [ring of stealth]

   It lets you turn invisible.
   It makes you more stealthy.
 E - an uncursed ring of resist corrosion
 H - the ring "Tuebaeso" (right hand) {rF+ rC++ Dex+4}
   (You found it on level 2 of the Depths)

   [ring of protection from fire]

   It affects your dexterity (+4).
   It protects you from fire.
   It greatly protects you from cold.
Wands
 L - a wand of clouds (18)
Scrolls
 u - 4 scrolls of vulnerability
 x - 6 scrolls of fog
 I - 10 scrolls of magic mapping
 O - 2 scrolls of fear
 R - 15 scrolls of identify {@r1}
 T - a scroll of summoning
 V - 19 scrolls of remove curse {@r2}
Potions
 i - 9 potions of agility
 o - 7 potions of invisibility
 p - 12 potions of flight
 q - 11 potions of brilliance
 r - 3 potions of magic
 D - 6 potions of might
 N - 3 potions of ambrosia
 Q - 2 potions of cancellation
 X - 17 potions of curing {@q1}
 Y - 4 potions of resistance
Miscellaneous
 M - 4 phantom mirrors
Comestibles
 f - 55 rations


   Skills:
 + Level 19.5(24.5) Fighting
 - Level 22.0(27) Axes
 - Level 14.0(19.0) Slings
 - Level 10.0(15.0) Armour
 - Level 5.0(10.0) Dodging
 - Level 6.0(11.0) Stealth
 - Level 15.0(20.0) Shields
 + Level 20.0 Spellcasting
 - Level 20.0 Hexes
 * Level 14.8 Necromancy
 - Level 6.0 Translocations
 + Level 15.0 Transmutations
 - Level 3.0 Air Magic
 - Level 12.6 Earth Magic
 - Level 5.2 Invocations


You had 7 spell levels left.
You knew the following spells:

 Your Spells              Type           Power        Failure   Level  Hunger
a - Borgnjor's Vile Clut  Necr/Erth      ######....   1%          5    None
b - Statue Form           Tmut/Erth      ######...    1%          6    ###....
c - Portal Projectile     Hex/Tloc       ######       1%          3    None
d - Infestation           Necr           #######...   12%         8    ######.
e - Confuse               Hex            #######.     0%          3    None
g - Borgnjor's Revivific  Necr           #######...   12%         8    ######.
h - Discord               Hex            #######...   1%          8    ######.
i - Silence               Hex/Air        ######....   1%          5    None
j - Passage of Golubria   Tloc           N/A          1%          4    None
k - Lesser Beckoning      Tloc           ######....   1%          3    None
p - Apportation           Tloc           ######       1%          1    None
r - Regeneration          Chrm/Necr      ######....   1%          3    None
s - Sticks to Snakes      Tmut           #######.     0%          2    None

Your spell library contained the following spells:

 Spells                   Type           Power        Failure   Level  Hunger
 Animate Skeleton         Necr           N/A          0%          1    None
 Beastly Appendage        Tmut           ######       0%          1    None
 Confusing Touch          Hex            ######       0%          1    None
 Corona                   Hex            #######      0%          1    None
 Slow                     Hex            #######.     0%          2    None
 Sublimation of Blood     Necr           #######...   0%          2    None
 Cause Fear               Hex            #######...   0%          4    None
 Leda's Liquefaction      Hex/Erth       #######...   0%          4    None
 Flame Tongue             Conj/Fire      ###..        1%          1    None
 Infusion                 Chrm           ###.         1%          1    None
 Magic Dart               Conj           ###.         1%          1    None
 Sting                    Conj/Pois      ###.         1%          1    None
 Summon Small Mammal      Summ           ###.         1%          1    None
 Ensorcelled Hibernation  Hex/Ice        ######       1%          2    None
 Poisonous Vapours        Pois/Air       ####..       1%          2    None
 Searing Ray              Conj           ###...       1%          2    None
 Shroud of Golubria       Chrm/Tloc      #####.....   1%          2    None
 Song of Slaying          Chrm           ###.....     1%          2    None
 Throw Flame              Conj/Fire      ###...       1%          2    None
 Dazzling Spray           Conj/Hex       ######       1%          3    None
 Gell's Gravitas          Tloc           ######....   1%          3    None
 Inner Flame              Hex/Fire       ######..     1%          3    None
 Mephitic Cloud           Conj/Pois/Air  ####....     1%          3    None
 Recall                   Summ/Tloc      N/A          1%          3    None
 Spectral Weapon          Hex/Chrm       ######..     1%          3    None
 Spider Form              Tmut/Pois      ######....   1%          3    None
 Static Discharge         Conj/Air       ####....     1%          3    None
 Teleport Other           Tloc           ######..     1%          3    None
 Animate Dead             Necr           N/A          1%          4    None
 Fulminant Prism          Conj/Hex       ######....   1%          4    None
 Ice Form                 Ice/Tmut       ######..     1%          4    None
 Petrify                  Tmut/Erth      ######..     1%          4    None
 Alistair's Intoxication  Tmut/Pois      ######..     1%          5    None
 Blade Hands              Tmut           #######...   1%          5    None
 Excruciating Wounds      Chrm/Necr      ######....   1%          5    None
 Irradiate                Conj/Tmut      ######....   1%          5    None
 Metabolic Englaciation   Hex/Ice        ######....   1%          5    None
 Yara's Violent Unravell  Hex/Tmut       #######...   1%          5    None
 Darkness                 Hex            #######...   1%          6    ###....
 Death Channel            Necr           #######...   1%          6    ###....
 Hydra Form               Tmut           #######...   1%          6    ###....
 Dragon Form              Tmut           #######...   1%          7    #####..
 Force Lance              Conj/Tloc      #####...     2%          4    None
 Bolt of Magma            Conj/Fire/Erth #####.....   4%          5    None
 Simulacrum               Ice/Necr       ######....   6%          6    ###....
 Iskenderun's Mystic Bla  Conj           ###.....     8%          4    None
 Olgreb's Toxic Radiance  Pois           ###.....     8%          4    None
 Summon Ice Beast         Ice/Summ       ###.....     8%          4    None
 Iron Shot                Conj/Erth      ######....   9%          6    ###....
 Iskenderun's Battlesphe  Conj/Chrm      ###.....     21%         5    None
 Venom Bolt               Conj/Pois      ###.......   21%         5    None
 Haunt                    Necr/Summ      ######....   30%         7    #####..
 Deflect Missiles         Chrm/Air       ####......   50%         6    ###....
 Freezing Cloud           Conj/Ice/Air   ####......   56%         6    ###....
 Bolt of Cold             Conj/Ice       ###.......   71%         6    ###....
 Bolt of Fire             Conj/Fire      ###.......   71%         6    ###....
 Ozocubu's Refrigeration  Ice            ###.......   71%         6    ###....
 Shadow Creatures         Summ           N/A          71%         6    ###....
 Orb of Destruction       Conj           ###.......   99%         7    #####..
 Spellforged Servitor     Conj/Summ      ###.......   99%         7    #####..
 Necromutation            Tmut/Necr      #######...   11%         8    ######.
 Death's Door             Chrm/Necr      ######....   91%         8    ######.
 Disjunction              Tloc           ######....   98%         8    ######.
 Shatter                  Erth           ######....   98%         9    #######
 Dragon's Call            Summ           ###.......   100%        9    #######
 Blink                    Tloc           Unusable     N/A         2    N/A

Dungeon Overview and Level Annotations

Branches:
Dungeon (15/15)            Temple (1/1) D:7            Lair (6/6) D:9
 Shoals (4/4) Lair:4        Snake (4/4) Lair:3        Slime (0/5) Lair:5
    Orc (2/2) D:12            Elf (3/3) Orc:2        Vaults (5/5) D:13
  Crypt (3/3) Vaults:2       Tomb (0/3) Crypt:3      Depths (5/5) D:15
   Hell (1/1)                 Dis (0/7) Hell            Geh (0/7) Hell
    Coc (7/7) Hell            Tar (0/7) Hell            Zot (0/5) Depths:5

Altars:
Ashenzari
Cheibriados
Dithmenos
Elyvilon
Fedhas
Kikubaaqudgha
Makhleb
Nemelex Xobeh
Okawaru
Qazlal
Ru
Sif Muna
Trog
Uskayaw
Vehumet
Wu Jian
Xom
Yredelemnul
The Shining One
Beogh

Shops:
D:5 *   D:7 %   D:11 (   Orc:1 ==:   Orc:2 }[[!   Elf:1 }[??   Elf:3 =
Shoals:2 *   Shoals:3 ?   Snake:3 (   Depths:1 *

Portals:
Hell: Depths:1 Depths:2 Depths:3 Depths:4 Depths:5
Abyss: Depths:1 Depths:4
Pandemonium: Depths:3 Depths:5
Ziggurat: Depths:2


Innate Abilities, Weirdness & Mutations

You cannot be hasted, slowed, berserked, paralysed or teleported.
You can dig through walls and to a lower floor.
Your four strong arms can wield two-handed weapons with a shield.
You have a pair of large antennae on your head. (SInv)


Message History

The flying skull gives a hideous shriek!
You feel much better.
You are engulfed in freezing vapours.
You resist.
The flying skull is engulfed in freezing vapours.
The flying skull closely misses you.
The Ice Fiend calls on the powers of darkness!
The ice dragon convulses!
Your body is wracked with pain!
* * * LOW HITPOINT WARNING * * *
You block the eldritch tentacle's attack. x2
The flying skull is engulfed in freezing vapours. x2
You block the flying skull's attack.
The Ice Fiend calls on the powers of darkness!
Your body is wracked with pain!
* * * LOW HITPOINT WARNING * * *
The ice dragon convulses!
The frost giant convulses!
You block the flying skull's attack. The eldritch tentacle slaps you.
* * * LOW HITPOINT WARNING * * *
The eldritch tentacle closely misses you. "We have you now!"
You convulse helplessly as pain tears through your body!
You die...

*#≈≈≈≈≈≈##≈≈≈## ##≈≈≈
#≈≈≈≈≈≈≈≈≈≈≈≈####≈≈≈≈
*#≈≈≈≈≈≈≈≈≈≈≈≈≈≈≈≈≈≈≈
*#≈≈≈≈≈≈≈≈≈≈≈≈≈≈≈≈..
##≈≈≈≈≈─*≈≈≈≈≈≈≈≈.[.
#≈≈≈≈≈/≈...≈≈≈≈≈..))
##≈≈≈≈/......≈≈≈≈≈.#{
#≈≈≈≈w≈≈..C.≈≈≈≈≈≈D##
#≈≈≈8zz°1..≈≈≈≈≈≈≈.##
##≈≈≈z≈≈1D..≈≈°≈≈≈≈.##
#.≈≈≈≈≈≈≈≈≈≈≈≈≈≈≈≈≈.#
#.≈≈≈≈≈≈≈≈≈≈≈≈≈≈≈≈..#
#.^≈≈≈≈≈≈≈≈≈≈≈≈≈≈≈..#
##..≈≈≈≈≈≈≈≈≈≈≈≈≈..##
#..^.≈≈≈≈≈≈..≈≈≈..#
##....≈≈≈≈≈≈≈≈≈..##
##)..≈≈≈≈≈≈≈≈≈≈##


You could see an eldritch tentacle, a frost giant, 2 Ice Fiends, an ice dragon
and 3 flying skulls.

Vanquished Creatures
  11 shard shrikes
  Geryon (Hell)
  A curse toe (Crypt:3)
  2 caustic shrikes
  2 golden dragons
  A bone dragon (Coc:2)
  11 liches
  2 tentacled monstrosities
  8 Ice Fiends
  3 quicksilver dragons
  5 titans
  3 deep elf blademasters
  Gastronok (Lair:3)
  4 sphinxes
  2 krakens
  3 eldritch tentacles
  Frances (Shoals:1)
  7 ancient champions
  6 tengu reavers
  7 shadow dragons
  6 storm dragons
  Kirke (D:12)
  4 revenants
  6 nagarajas (Snake:4)
  6 fire giants
  10 frost giants
  2 iron dragons
  13 vault wardens
  11 deep elf sorcerers
  4 ghouls
  An angel (Depths:2)
  5 deep elf elementalists
  11 ironheart preservers
  2 curse skulls (Crypt:3)
  3 spriggan defenders
  3 war gargoyles
  12 reapers
  12 very ugly things
  20 stone giants
  2 elemental wellsprings
  7 vampire knights
  8 deep elf demonologists
  2 entropy weavers
  A lorocyproca (Hell)
  7 deep elf annihilators
  4 spark wasps
  A minotaur (Lair:5)
  2 black draconians (Depths:5)
  A dire elephant (D:15)
  A purple draconian (Depths:5)
  A yellow draconian (Depths:5)
  The ghost of guttsta the Arsonist, a journeyman DEFE of Vehumet (Lair:5)
  13 ettins
  2 eidola
  6 blizzard demons
  8 fire dragons
  8 merfolk impalers
  8 deep elf death magi
  3 quicksilver dragon zombies
  5 jiangshi (Crypt:1)
  7 yaktaur captains
  5 merfolk javelineers
  9 deep elf high priests
  2 kraken zombies (Coc:1)
  Josephine (Lair:6)
  A great orb of eyes (shapeshifter) (Depths:1)
  20 ice dragons
  19 vault guards
  7 great orbs of eyes
  3 quicksilver dragon skeletons
  23 naga warriors
  6 hydras
  4 rakshasas
  7 spriggan air magi
  A catoblepas (D:14)
  2 merfolk avatars
  An alligator snapping turtle (Shoals:4)
  4 merfolk aquamancers
  7 tengu warriors
  7 death knights
  3 centaur warriors
  7 anacondas
  3 deep troll earth magi
  A deep troll shaman (Vaults:2)
  A satyr (Shoals:1)
  12 ogre magi
  17 dancing weapons
  A queen ant (Lair:6)
  39 two-headed ogres
  3 death yaks
  An orc high priest (Elf:3)
  8 vampire magi
  6 hell hogs (Hell)
  4 titan zombies
  3 iron golems (Hell)
  8 spriggan berserkers
  17 naga sharpshooters
  28 deep elf knights
  12 hell knights
  5 shock serpents
  6 soul eaters
  5 titan skeletons
  4 sun demons (Hell)
  53 skeletal warriors
  2 iron trolls
  3 salamander mystics
  A storm dragon skeleton (Coc:4)
  3 wizards
  A golden dragon zombie (Coc:4)
  7 naga ritualists
  8 anaconda zombies
  2 shadow wraiths
  5 unseen horrors
  14 ironbrand convokers
  11 sea snakes
  3 flayed ghosts
  A golden dragon skeleton (Coc:2)
  3 deep trolls
  18 deep elf archers
  16 phantasmal warriors
  4 shadow dragon zombies
  17 harpies
  A lindwurm (Lair:2)
  3 anaconda skeletons
  Pikel (D:4)
  13 orc knights
  A mana viper (shapeshifter) (Vaults:5)
  7 wolf spiders
  6 cyclopes
  3 wolf spider zombies
  73 deep elf magi
  2 shadow dragon skeletons
  16 salamanders
  4 mana vipers
  An orb spider (shapeshifter) (Vaults:5)
  4 oklob plants (Lair:3)
  8 fauns
  4 necromancers
  32 ugly things
  10 manticores
  5 stone giant zombies
  3 tengu skeletons
  2 fire giant zombies
  2 frost giant zombies
  2 fire giant skeletons
  2 frost giant skeletons
  8 orc sorcerers (Orc:2)
  A sphinx skeleton (Vaults:4)
  21 vault sentinels
  22 naga magi
  3 guardian serpents
  2 iron dragon skeletons (Coc:2)
  4 elephants
  5 merfolk sirens
  A dire elephant zombie (Coc:2)
  A stone giant skeleton (Coc:4)
  28 black mambas
  4 rust devils
  2 ice statues
  A titan simulacrum (Coc:7)
  A smoke demon (Hell)
  A shock serpent zombie (Coc:1)
  5 gargoyles
  A molten gargoyle (Hell)
  A storm dragon simulacrum (Coc:6)
  25 spiny frogs
  An emperor scorpion zombie (Crypt:2)
  Joseph (D:10)
  A water nymph (Shoals:1)
  4 rime drakes
  35 ice devils
  2 efreet
  5 komodo dragons
  2 human skeletons
  7 tormentors
  An anaconda simulacrum (Coc:2)
  2 guardian mummies (D:14)
  29 freezing wraiths
  A human zombie (Vaults:4)
  A yaktaur (shapeshifter) (Vaults:1)
  45 yaktaurs
  A minotaur skeleton (Coc:1)
  4 wind drakes
  5 trolls
  A black draconian skeleton (Crypt:2)
  4 red devils (Hell)
  3 tengu conjurers
  10 hydra zombies
  2 harpy zombies
  A meliai (shapeshifter) (Depths:2)
  A wind drake (shapeshifter) (Depths:3)
  9 hydra skeletons
  26 merfolk
  A polar bear (Lair:3)
  4 tyrant leeches (Lair:6)
  A sphinx simulacrum (Vaults:3)
  3 harpy skeletons
  A jumping spider (shapeshifter) (Vaults:1)
  4 ettin zombies
  A hornet (shapeshifter) (Vaults:4)
  10 hornets
  24 blink frogs
  6 alligator zombies
  2 bog bodies
  12 snapping turtles
  4 dream sheep
  A blink frog (shapeshifter) (Vaults:4)
  25 slime creatures
  2 stone giant simulacra
  3 fire dragon zombies
  29 flying skulls
  16 hippogriffs
  An ice dragon zombie (Coc:7)
  Sigmund (D:5)
  6 air elementals
  49 yaks
  2 spriggans
  26 water elementals
  4 ettin skeletons
  3 vampires (Vaults:2)
  3 fire dragon skeletons
  3 hogs
  3 alligator skeletons
  9 wyverns
  8 shadows
  5 humans (D:13)
  13 wraiths
  Eustachio (D:5)
  5 fire bats
  3 black mamba skeletons
  10 fire elementals
  A human (shapeshifter) (Vaults:3)
  4 hungry ghosts
  A yaktaur simulacrum (Vaults:4)
  2 hogs (shapeshifter)
  A steam dragon (D:11)
  8 vampire mosquitoes
  A two-headed ogre zombie (Crypt:2)
  8 wargs
  18 soldier ants
  Edmund (D:5)
  Menkaure (D:4)
  A swamp worm (shapeshifter) (Depths:3)
  A monstrous demonspawn zombie (Crypt:3)
  7 spiny frog zombies
  A merfolk zombie (Crypt:2)
  61 nagas
  12 hydra simulacra
  A merfolk skeleton (Coc:4)
  3 hell hounds
  13 water moccasins
  A faun skeleton (Crypt:3)
  44 orc warriors
  14 porcupines
  7 ice beasts
  5 snapping turtle zombies
  An ice beast (shapeshifter) (Vaults:2)
  A sky beast (shapeshifter) (Depths:4)
  4 necrophages
  A spiny frog skeleton (Coc:7)
  A swamp drake (D:12)
  2 alligator simulacra
  An ettin simulacrum (Coc:7)
  6 phantoms
  5 sky beasts
  A fire dragon simulacrum (Coc:2)
  36 ogres
  A swamp dragon zombie (Crypt:2)
  A wolf (shapeshifter) (Depths:3)
  2 eyes of draining
  A black bear (D:3)
  10 wolves
  14 centaurs
  6 boggarts
  A swamp dragon skeleton (Coc:2)
  6 snapping turtle skeletons
  12 crocodiles
  A draconian zombie (Crypt:3)
  3 big kobolds (D:8)
  36 bullfrogs
  3 earth elementals
  2 spiny frog simulacra
  A water moccasin skeleton (D:8)
  5 scorpions
  A shapeshifter zombie (Crypt:2)
  9 killer bees
  4 electric eels
  32 wights
  2 howler monkeys
  A spriggan skeleton (Coc:2)
  12 crimson imps
  9 centaur zombies
  2 elf simulacra
  12 hounds
  6 jellies
  A quasit (D:12)
  17 orc priests
  2 bullfrog skeletons
  2 human simulacra (Vaults:4)
  6 bullfrog zombies
  Crazy Yiuf (D:5)
  6 centaur skeletons
  3 iron imps
  A demonspawn skeleton (Crypt:1)
  Jessica (D:2)
  6 iguanas
  39 worker ants
  34 orc wizards
  A crocodile zombie (Crypt:1)
  A hound zombie (Crypt:3)
  An ogre skeleton (Crypt:2)
  A hound skeleton (D:11)
  6 mummies
  A howler monkey skeleton (D:5)
  7 gnolls
  12 adders
  8 shadow imps
  15 white imps
  An ooze (D:3)
  A halfling skeleton (Crypt:1)
  An adder skeleton (D:4)
  An iguana skeleton (Crypt:3)
  A worm (D:2)
  3 dart slugs
  7 leopard geckos
  99 orcs
  3 ball pythons
  6 bats
  4 giant cockroaches
  6 goblins
  9 hobgoblins
  6 jackals
  9 kobolds
  3 quokkas
  A ball python skeleton (D:4)
  6 frilled lizards
  A frilled lizard zombie (Crypt:3)
  A goblin skeleton (Crypt:1)
  A leopard gecko skeleton (D:4)
  An orc zombie (Coc:1)
  A quokka skeleton (D:6)
  8 rats
  2 crawling corpses (Vaults:5)
  A fungus (Lair:5)
  10 plants
  9 tentacles
2501 creatures vanquished.

Vanquished Creatures (collateral kills)
  A juggernaut (Depths:4)
  4 shard shrikes
  3 caustic shrikes (Depths:5)
  A golden dragon (Vaults:5)
  3 Ice Fiends
  2 tentacled monstrosities
  A shadow dragon (Vaults:5)
  A frost giant (Coc:7)
  2 fire giants
  A draconian shifter (Depths:5)
  A vault warden (Vaults:5)
  2 war gargoyles (Vaults:5)
  An ironheart preserver (Vaults:5)
  A reaper (Coc:3)
  2 very ugly things (Depths:1)
  4 stone giants
  An elemental wellspring (Coc:7)
  A green draconian (Depths:5)
  A spark wasp (Depths:1)
  A purple draconian (Depths:5)
  2 ettins
  A great orb of eyes (Depths:5)
  A fire dragon (Depths:3)
  A deep elf high priest (Vaults:5)
  2 rakshasas (Depths:1)
  A yaktaur captain (Depths:5)
  2 ice dragons (Coc:7)
  2 ogre magi
  19 vault guards (Vaults:5)
  A two-headed ogre (shapeshifter) (Vaults:5)
  2 deep troll shamans
  9 two-headed ogres
  3 deep troll earth magi
  A soul eater (Depths:1)
  4 hell knights
  A shadow wraith (Vaults:5)
  3 skeletal warriors
  An iron troll (Depths:4)
  An orange crystal statue (Depths:1)
  11 deep trolls
  A deep elf archer (Vaults:5)
  An orc knight (Vaults:5)
  4 necromancers
  An anaconda skeleton (Coc:4)
  A wolf spider (Vaults:5)
  15 ugly things
  A phantasmal warrior (Depths:2)
  2 frost giant skeletons
  A hellwing (Depths:1)
  10 yaktaurs
  2 hydra zombies (Coc:7)
  8 ice devils
  A tormentor (Coc:7)
  10 freezing wraiths
  A harpy zombie (Coc:7)
  A slime creature (Depths:1)
  A hornet (Depths:3)
  A wraith (Coc:3)
  15 flying skulls
  A spriggan (Depths:3)
  4 hungry ghosts
  A hell hound (Hell)
  2 orc warriors (Vaults:5)
  An ogre (shapeshifter) (Depths:2)
  2 ogres (Depths:1)
  2 boggarts (Depths:2)
  A swamp dragon skeleton (Coc:4)
  3 wights
  12 white imps
  An orc (Vaults:5)
209 creatures vanquished.

Vanquished Creatures (others)
  Vashnia (Snake:3)
  2 shard shrikes
  A caustic shrike (Depths:5)
  A bone dragon (Coc:7)
  2 deep elf master archers (Elf:3)
  An eldritch tentacle (Coc:1)
  A tengu reaver (Vaults:5)
  A nagaraja (Snake:4)
  A frost giant (Coc:7)
  A deep elf elementalist (Vaults:5)
  A reaper (Hell)
  5 stone giants
  A yellow draconian (Depths:5)
  A spark wasp (Depths:1)
  A fire dragon (Depths:5)
  A blizzard demon (Coc:1)
  2 merfolk javelineers
  3 yaktaur captains
  3 ice dragons
  2 vault guards
  A spriggan air mage (Depths:4)
  5 centaur warriors
  2 two-headed ogres
  A dancing weapon (Elf:2)
  5 hell hogs (Hell)
  A deep troll shaman (Depths:4)
  A deep troll earth mage (Depths:3)
  A tengu warrior (Depths:2)
  A deep elf knight (Elf:2)
  3 naga sharpshooters
  A spriggan berserker (Depths:5)
  A hell knight (Hell)
  7 skeletal warriors
  2 wizards
  4 deep trolls
  A glowing orange brain (shapeshifter) (Vaults:5)
  An ironbrand convoker (Vaults:5)
  3 deep elf archers
  2 deep elf magi (Elf:1)
  A necromancer (Crypt:2)
  4 ugly things
  A salamander (Snake:2)
  3 fauns
  A cyclops (Vaults:1)
  2 naga magi
  10 yaktaurs
  An ice devil (Coc:7)
  3 tormentors
  A freezing wraith (Coc:7)
  A merfolk (Shoals:4)
  A bog body (Crypt:3)
  A slime creature (Depths:1)
  10 flying skulls
  A fire dragon skeleton (Coc:5)
  A shadow (Coc:3)
  3 humans (D:13)
  A fire bat (Depths:1)
  A naga (Lair:3)
  2 hell hounds (Hell)
  2 orc warriors
  2 ogres
  2 boggarts (Depths:2)
  4 centaurs
  3 wights
  A mummy (Coc:1)
  An adder skeleton (D:5)
  An orc (Elf:3)
  7 fungi
  57 plants
  25 tentacles
229 creatures vanquished.

Grand Total: 2939 creatures vanquished

Notes
Turn   | Place    | Note
-------+----------+-------------------------------------------
     0 | D:1      | Oravi the Formicid Arcane Marksman began the quest for the
                  | Orb.
     0 | D:1      | Reached XP level 1. HP: 15/15 MP: 2/2
   158 | D:1      | Reached XP level 2. HP: 20/21 MP: 1/3
   476 | D:1      | Reached XP level 3. HP: 26/26 MP: 5/5
   690 | D:1      | Learned a level 2 spell: Slow
  1413 | D:2      | Reached XP level 4. HP: 32/32 MP: 4/6
  1562 | D:2      | Found a white marble altar of Elyvilon.
  1774 | D:2      | Noticed Jessica
  1795 | D:2      | Killed Jessica
  1795 | D:2      | Reached XP level 5. HP: 37/37 MP: 3/7
  2206 | D:2      | Reached skill level 5 in Slings
  2223 | D:2      | Learned a level 4 spell: Cause Fear
  3246 | D:4      | Noticed a black bear
  3337 | D:4      | Noticed Menkaure
  3530 | D:3      | Killed a black bear
  3530 | D:3      | Reached XP level 6. HP: 21/43 MP: 5/9
  3812 | D:4      | Killed Menkaure
  3812 | D:4      | Reached skill level 5 in Hexes
  3812 | D:4      | Reached XP level 7. HP: 47/48 MP: 5/11
  4258 | D:4      | Found a stormy altar of Qazlal.
  4270 | D:4      | Found a shattered altar of Ashenzari.
  4273 | D:4      | Found a snail-covered altar of Cheibriados.
  4424 | D:4      | Found a shimmering altar of Xom.
  4425 | D:4      | Found a burning altar of Makhleb.
  4606 | D:5      | Entered Level 5 of the Dungeon
  4606 | D:5      | Found Mestoipsi's Assorted Antiques.
  4647 | D:5      | Noticed Sigmund
  4670 | D:5      | Killed Sigmund
  4670 | D:5      | Reached XP level 8. HP: 26/54 MP: 8/13
  4885 | D:4      | Reached skill level 1 in Stealth
  5453 | D:5      | Noticed Edmund
  5474 | D:5      | Killed Edmund
  5474 | D:5      | Reached XP level 9. HP: 50/59 MP: 13/16
  5605 | D:5      | Noticed Pikel
  5683 | D:4      | Killed Pikel
  5683 | D:4      | Reached skill level 5 in Spellcasting
  5909 | D:5      | Found an ancient bone altar of Kikubaaqudgha.
  5909 | D:5      | Found a sparkling altar of Nemelex Xobeh.
  5910 | D:5      | Found a hide-covered altar of Uskayaw.
  5910 | D:5      | Found a glowing golden altar of the Shining One.
  5911 | D:5      | Found a sacrificial altar of Ru.
  5912 | D:5      | Found a shadowy altar of Dithmenos.
  6231 | D:5      | Noticed Eustachio
  6245 | D:5      | Killed Eustachio
  6401 | D:5      | Found a runed door.
  6738 | D:5      | Bought a scroll labeled BAKOGA YSYNAD for 16 gold pieces
  7289 | D:6      | Noticed a two-headed ogre
  7991 | D:7      | Reached skill level 5 in Stealth
  8204 | D:7      | Reached skill level 1 in Shields
  8270 | D:7      | Reached XP level 10. HP: 45/70 MP: 15/18
  8590 | D:7      | Found Weommyge's Food Boutique.
  8931 | D:7      | Found a staircase to the Ecumenical Temple.
  8937 | Temple   | Entered the Ecumenical Temple
  8956 | Temple   | Became a worshipper of Warmaster Okawaru
  9022 | D:7      | Reached skill level 10 in Slings
 10002 | D:8      | Found a deep blue altar of Sif Muna.
 10118 | D:8      | Reached * piety under Okawaru
 10118 | D:8      | Reached skill level 1 in Invocations
 10607 | D:8      | Reached ** piety under Okawaru
 11295 | D:8      | Identified a scroll of acquirement
 11296 | D:8      | Got a scintillating lead ring
 11297 | D:8      | Identified the ring "Soutolio" {Fire rPois} (You acquired
                  | it on level 8 of the Dungeon)
 11627 | D:9      | Noticed a two-headed ogre
 11808 | D:8      | Reached skill level 5 in Fighting
 11911 | D:9      | Reached XP level 11. HP: 78/79 MP: 17/20
 11927 | D:9      | Noticed a two-headed ogre
 12163 | D:6      | Killed a two-headed ogre
 12381 | D:6      | Got a fine tin amulet
 12382 | D:6      | Identified the amulet "Suaxih" {Reflect +Inv rN+ SH+4} (You
                  | found it on level 6 of the Dungeon)
 12470 | D:5      | Noticed Crazy Yiuf
 12479 | D:5      | Killed Crazy Yiuf
 12505 | D:5      | Learned a level 3 spell: Portal Projectile
 12509 | D:5      | Learned a level 3 spell: Dazzling Spray
 12657 | D:8      | Noticed a three-headed hydra
 12674 | D:8      | Killed a three-headed hydra
 12674 | D:8      | Reached *** piety under Okawaru
 12750 | D:8      | Killed a two-headed ogre
 13027 | D:9      | Noticed a two-headed ogre
 13049 | D:9      | Killed a two-headed ogre
 13092 | D:9      | Reached **** piety under Okawaru
 13092 | D:9      | Received a gift from Okawaru
 13154 | D:9      | Found a staircase to the Lair.
 13275 | D:9      | Noticed a two-headed ogre
 13296 | D:9      | Killed a two-headed ogre
 13296 | D:9      | Received a gift from Okawaru
 13296 | D:9      | Reached skill level 5 in Invocations
 13802 | D:10     | Entered Level 10 of the Dungeon
 13802 | D:10     | Noticed Joseph
 13814 | D:10     | Killed Joseph
 14109 | D:9      | Killed a two-headed ogre
 14109 | D:9      | Received a gift from Okawaru
 14109 | D:9      | Reached skill level 10 in Hexes
 14109 | D:9      | Reached skill level 1 in Translocations
 14109 | D:9      | Reached XP level 12. HP: 67/89 MP: 12/23
 14649 | D:10     | Received a gift from Okawaru
 14803 | D:10     | Reached ***** piety under Okawaru
 14845 | D:10     | Received a gift from Okawaru
 14909 | D:10     | Noticed a skeletal warrior
 15016 | Lair:1   | Entered Level 1 of the Lair of Beasts
 15326 | Lair:1   | Got a clouded garnet amulet
 16681 | Lair:2   | Received a gift from Okawaru
 17014 | Lair:2   | Reached skill level 5 in Shields
 17019 | Lair:2   | Received a gift from Okawaru
 17763 | Lair:3   | Noticed Gastronok
 17792 | Lair:3   | Reached XP level 13. HP: 96/98 MP: 25/25
 17797 | Lair:3   | Received a gift from Okawaru
 17809 | Lair:3   | Identified the amulet of Birdsong {RegenMP rPois rF+
                  | Slay-5} (You acquired it on level 1 of the Lair of Beasts)
 17876 | Lair:3   | Killed Gastronok
 18658 | Lair:3   | Found a staircase to the Snake Pit.
 18664 | Lair:3   | Learned a level 1 spell: Apportation
 18688 | Lair:3   | Reached skill level 10 in Shields
 21235 | Lair:2   | Noticed an eight-headed hydra
 21280 | Lair:2   | Got a slimy dagger
 21341 | Lair:2   | Killed an eight-headed hydra
 21702 | Lair:4   | Found a staircase to the Shoals.
 21878 | Lair:4   | Received a gift from Okawaru
 22262 | Lair:4   | Reached XP level 14. HP: 105/105 MP: 23/26
 23112 | Lair:4   | Reached ****** piety under Okawaru
 23327 | Lair:5   | Found a staircase to the Slime Pits.
 23383 | Lair:5   | Noticed guttsta's ghost (journeyman DEFE)
 23438 | Lair:5   | Found a runed gate.
 23440 | Lair:5   | Found a runed gate.
 23440 | Lair:5   | Found a runed gate.
 23450 | Lair:5   | Noticed a minotaur
 23839 | Lair:6   | Entered Level 6 of the Lair of Beasts
 23839 | Lair:6   | Noticed Josephine
 24332 | Lair:5   | Reached skill level 15 in Shields
 24619 | Lair:6   | Killed Josephine
 24619 | Lair:6   | Reached skill level 1 in Armour
 25288 | Lair:6   | Received a gift from Okawaru
 26523 | Lair:6   | Reached XP level 15. HP: 113/113 MP: 26/28
 27035 | Lair:5   | Reached skill level 10 in Spellcasting
 27113 | Lair:4   | You fall through a shaft!
 27613 | Lair:6   | Reached skill level 5 in Armour
 27913 | Lair:6   | Received a gift from Okawaru
 28357 | Lair:6   | Reached skill level 5 in Dodging
 28927 | Lair:4   | You fall through a shaft!
 28956 | Lair:4   | Received a gift from Okawaru
 29368 | D:10     | Reached skill level 10 in Fighting
 29603 | D:11     | Received a gift from Okawaru
 29611 | D:11     | Got a pair of dazzling gloves {god gift}
 29622 | D:11     | Identified the +0 pair of gloves of Belyumu {Int+5}
                  | (Okawaru gifted it to you on level 11 of the Dungeon)
 30302 | D:11     | Found Xijuen's Weapon Shoppe.
 31754 | D:12     | Found a staircase to the Orcish Mines.
 32645 | D:13     | Noticed Kirke
 32760 | D:12     | Killed Kirke
 33567 | D:13     | Reached XP level 16. HP: 124/124 MP: 30/30
 34365 | D:14     | Found a shattered altar of Ashenzari.
 34546 | D:14     | Received a gift from Okawaru
 34561 | D:14     | Found a portal to a secret trove of treasure.
 37233 | D:13     | Found a gate to the Vaults.
 37427 | Orc:1    | Entered Level 1 of the Orcish Mines
 37562 | Orc:1    | Found Jughyuf's Book Shop.
 37623 | Orc:2    | Entered Level 2 of the Orcish Mines
 37623 | Orc:2    | Found a staircase to the Elven Halls.
 37638 | Orc:2    | Reached skill level 1 in Axes
 38225 | Orc:1    | Found Rimo's Jewellery Boutique.
 38227 | Orc:1    | Found Viacryes's Jewellery Boutique.
 38423 | Orc:1    | Reached skill level 2 in Axes
 38859 | Orc:2    | Reached skill level 3 in Axes
 38971 | Orc:2    | Found a radiant altar of Vehumet.
 39200 | Orc:2    | Found Xydghuto's Antique Armour Shoppe.
 39262 | Orc:2    | Received a gift from Okawaru
 39262 | Orc:2    | Reached skill level 4 in Axes
 39276 | Orc:2    | Found an ancient bone altar of Kikubaaqudgha.
 39393 | Orc:2    | Found a roughly hewn altar of Beogh.
 39393 | Orc:2    | Found Zaggu's Gadget Emporium.
 39545 | Orc:2    | Found Uclag's Distillery.
 39567 | Orc:2    | Found Reudaxto's Antique Armour Emporium.
 39773 | Orc:1    | Bought Xubi Ydeolu's Catalogue of Fetching Transmigration
                  | for 590 gold pieces
 39777 | Orc:1    | Learned a level 3 spell: Confuse
 39967 | D:15     | Entered Level 15 of the Dungeon
 40051 | D:14     | Received a gift from Okawaru
 40051 | D:14     | Reached skill level 5 in Axes
 40279 | D:15     | Reached skill level 6 in Axes
 40620 | D:15     | Reached skill level 7 in Axes
 41210 | D:15     | Reached XP level 17. HP: 131/131 MP: 28/32
 41587 | D:15     | Reached skill level 8 in Axes
 42267 | D:15     | Found a staircase to the Depths.
 42663 | Elf:1    | Entered Level 1 of the Elven Halls
 42673 | Orc:2    | Reached skill level 9 in Axes
 43146 | Elf:1    | Reached skill level 10 in Axes
 43603 | Elf:1    | Cast into level 2 of the Abyss (a deep elf sorcerer)
 43716 | Elf:1    | Escaped the Abyss
 43723 | Elf:1    | Received a gift from Okawaru
 43796 | Elf:1    | Found Xunopety's Gadget Shoppe.
 43800 | Elf:1    | Found Gutiun's Antique Armour Emporium.
 43801 | Elf:1    | Found Velui's Magic Scroll Shoppe.
 44147 | Elf:1    | Reached skill level 11 in Axes
 44322 | Elf:1    | Found Pyrhujyu's Magic Scroll Boutique.
 44577 | Elf:1    | Received a gift from Okawaru
 44915 | Elf:1    | Reached skill level 12 in Axes
 45249 | Elf:2    | Found a flickering gateway to a bazaar.
 45306 | Bazaar   | Entered a bazaar
 45308 | Bazaar   | Found Rozoj's Antique Weapon Boutique.
 45313 | Bazaar   | Found Jugil's Antique Weapon Emporium.
 45318 | Bazaar   | Found Olufeb's Jewellery Boutique.
 45321 | Bazaar   | Found Ziodiminn's Book Shop.
 45330 | Bazaar   | Found Ushaoneth's Assorted Antiques.
 45369 | Bazaar   | Bought the ring of the Mage {Wiz MR++ Int+3} for 413 gold
                  | pieces
 45369 | Bazaar   | Found the ring of the Mage {Wiz MR++ Int+3}
 45407 | Bazaar   | Bought a book of Changes for 325 gold pieces
 45407 | Bazaar   | Bought a Necronomicon for 1435 gold pieces
 45410 | Bazaar   | Learned a level 2 spell: Sticks to Snakes
 45416 | Bazaar   | Learned a level 5 spell: Silence
 45875 | Elf:2    | Reached skill level 1 in Air Magic
 46057 | Elf:2    | Reached XP level 18. HP: 101/138 MP: 14/33
 46408 | Elf:2    | Found a huge runed gate.
 46408 | Elf:2    | Found a huge runed gate.
 46412 | Elf:2    | Found a huge runed gate.
 46737 | Snake:1  | Entered Level 1 of the Snake Pit
 47493 | Snake:1  | Reached skill level 1 in Transmutations
 48755 | Snake:2  | You fall through a shaft!
 48777 | Snake:3  | Received a gift from Okawaru
 49635 | Snake:2  | Received a gift from Okawaru
 49642 | Snake:2  | Identified the +1 hunting sling of the Endless Expanse
                  | {freeze, rPois Int+4 Dex+5} (Okawaru gifted it to you on
                  | level 2 of the Snake Pit)
 49789 | Snake:2  | Reached skill level 13 in Axes
 50895 | Snake:3  | Found Bac Wihiu's Weapon Shop.
 50907 | Snake:3  | Found an iron altar of Okawaru.
 52828 | Snake:3  | Noticed Vashnia
 52939 | Snake:3  | Killed Vashnia
 53224 | Snake:3  | Received a gift from Okawaru
 53328 | Snake:4  | Entered Level 4 of the Snake Pit
 53545 | Snake:4  | Reached XP level 19. HP: 103/147 MP: 31/35
 53584 | Snake:4  | Received a gift from Okawaru
 54393 | Snake:4  | Received a gift from Okawaru
 54544 | Snake:4  | Reached skill level 14 in Axes
 54571 | Snake:4  | Reached skill level 10 in Armour
 56323 | Snake:4  | Reached skill level 15 in Hexes
 57651 | Snake:4  | Got a serpentine rune of Zot
 57981 | Snake:4  | Learned a level 5 spell: Borgnjor's Vile Clutch
 57986 | Snake:4  | Learned a level 4 spell: Passage of Golubria
 58261 | Lair:5   | Killed guttsta's ghost
 58786 | Elf:2    | Noticed a deep elf blademaster
 58813 | Elf:2    | Killed a deep elf blademaster
 58822 | Elf:2    | Received a gift from Okawaru
 59585 | Elf:2    | Reached XP level 20. HP: 155/156 MP: 36/36
 59688 | Elf:2    | Received a gift from Okawaru
 59799 | Elf:2    | Reached skill level 15 in Axes
 60230 | Elf:3    | Entered Level 3 of the Elven Halls
 60364 | Elf:3    | Found a radiant altar of Vehumet.
 60434 | Elf:3    | Reached skill level 5 in Translocations
 60644 | Elf:3    | Reached skill level 1 in Earth Magic
 60659 | Elf:3    | Reached skill level 1 in Necromancy
 60694 | Elf:3    | Found Buefar's Jewellery Shoppe.
 60790 | Elf:3    | Received a gift from Okawaru
 62005 | Elf:3    | Identified the cursed +0 leather armour of Entitlement {rF+
                  | SInv}
 62050 | Elf:3    | Reached skill level 5 in Earth Magic
 62269 | Elf:3    | Identified the +10 great sword of Omoboph {slice, +Blink}
 62369 | Elf:3    | Identified the ring "Viodaow" {rC+ Str+4 Dex+4 Stlth-}
 62411 | Elf:3    | Reached skill level 5 in Necromancy
 62858 | Elf:3    | Identified the cursed +3 short sword of Fanted {elec, rN+
                  | Int+7}
 64159 | Elf:3    | Identified the Tome of Unstable Protection
 64266 | Elf:3    | Identified the +3 plate armour "Qonuzut" {rF+ rC++}
                  | (Okawaru gifted it to you on level 3 of the Elven Halls)
 64271 | Elf:3    | Learned a level 3 spell: Lesser Beckoning
 64573 | D:12     | Learned a level 6 spell: Darkness
 64790 | Shoals:1 | Entered Level 1 of the Shoals
 64801 | Shoals:1 | Reached XP level 21. HP: 126/163 MP: 36/38
 64802 | Shoals:1 | Received a gift from Okawaru
 65470 | Shoals:1 | Noticed Frances
 65503 | Shoals:1 | Killed Frances
 65750 | Shoals:1 | Received a gift from Okawaru
 66194 | Shoals:2 | Received a gift from Okawaru
 66505 | Shoals:2 | Found Qurug's General Store.
 66947 | Shoals:2 | Got an ominously black robe
 66948 | Shoals:2 | Identified the +1 robe of Popynifra {rPois rC+ Str-5} (You
                  | found it on level 2 of the Shoals)
 66975 | Shoals:3 | Identified the +9 battleaxe of Wadyremp {drain, rN+ Int+3}
                  | (You found it on level 3 of the Shoals)
 67037 | Shoals:3 | Found Zyukhax's Magic Scroll Boutique.
 67160 | Shoals:3 | Reached skill level 10 in Earth Magic
 67782 | Shoals:4 | Entered Level 4 of the Shoals
 68269 | Shoals:4 | Reached skill level 5 in Transmutations
 68960 | Shoals:4 | Got a barnacled rune of Zot
 70122 | Vaults:1 | Entered Level 1 of the Vaults
 70244 | Vaults:1 | Received a gift from Okawaru
 70245 | Vaults:1 | Found the +8 frozen axe "Frostbite" {freezing cloud, *Noise
                  | +Fly rC+}
 70325 | Vaults:1 | Reached XP level 22. HP: 122/172 MP: 40/40
 70832 | Vaults:1 | Reached skill level 15 in Spellcasting
 70851 | Vaults:1 | Received a gift from Okawaru
 70858 | Vaults:1 | Got a crystal hunting sling {god gift}
 72321 | Vaults:2 | Received a gift from Okawaru
 72997 | Vaults:2 | Reached skill level 15 in Fighting
 73452 | Vaults:2 | Found a staircase to the Crypt.
 73697 | Vaults:3 | Reached XP level 23. HP: 151/181 MP: 36/42
 74136 | Vaults:3 | Received a gift from Okawaru
 74139 | Vaults:3 | Identified the +3 executioner's axe of Imminent Death
                  | {chop, rF++} (Okawaru gifted it to you on level 3 of the
                  | Vaults)
 74337 | Vaults:3 | Reached skill level 16 in Axes
 74534 | Vaults:3 | Identified the +6 hunting sling of Ziun {velocity, rElec
                  | rF+} (Okawaru gifted it to you on level 1 of the Vaults)
 74546 | Vaults:3 | Learned a level 8 spell: Discord
 75122 | Vaults:3 | Received a gift from Okawaru
 75688 | Vaults:4 | Received a gift from Okawaru
 77137 | Vaults:4 | Reached XP level 24. HP: 168/191 MP: 43/43
 77870 | Elf:1    | Bought a scroll of enchant armour for 105 gold pieces
 78174 | D:14     | You paid a toll of +4 fire dragon scales to enter a
                  | treasure trove
 78175 | Trove    | Entered a treasure trove
 78204 | Trove    | Got a flickering bone ring
 78206 | Trove    | Got a heavily runed jade ring
 78211 | Trove    | Identified the ring "Koeplotz" {rF+ Str+4 Dex+3 SInv} (You
                  | found it in a treasure trove)
 78212 | Trove    | Identified the ring "Ezuf" {rElec MP+9 Int+4 Dex-4} (You
                  | found it in a treasure trove)
 78342 | D:14     | Learned a level 6 spell: Statue Form
 78859 | Crypt:1  | Entered Level 1 of the Crypt
 78944 | Crypt:1  | Reached skill level 17 in Axes
 79921 | Crypt:2  | Received a gift from Okawaru
 80251 | Crypt:2  | Received a gift from Okawaru
 80476 | Crypt:3  | Entered Level 3 of the Crypt
 80546 | Crypt:3  | Found the brooch of Shielding {Reflect SH+8}
 80546 | Crypt:3  | Found the +9 sword of Zonguldrok {reap}
 80613 | Crypt:3  | Found a staircase to the Tomb.
 80826 | Crypt:3  | Noticed a curse toe
 80843 | Crypt:3  | Killed a curse toe
 80903 | Crypt:3  | Reached skill level 10 in Necromancy
 81411 | Crypt:3  | Identified Cuphezon's Guide on the Scorching Snowflakes
 81420 | Crypt:3  | Identified the amulet "Pounourch" {Gourm rElec} (You found
                  | it on level 3 of the Crypt)
 81753 | Depths:1 | Entered Level 1 of the Depths
 81784 | Depths:1 | Found Uzotis's General Store.
 82033 | Depths:1 | Received a gift from Okawaru
 82036 | Depths:1 | Reached XP level 25. HP: 197/197 MP: 40/44
 82045 | Depths:1 | Identified the +12 executioner's axe of Cocytus {freeze,
                  | rF+ rN+} (Okawaru gifted it to you on level 1 of the
                  | Depths)
 82238 | Depths:1 | Identified the Handbook of Nocuous Air
 82630 | Depths:1 | Found a one-way gate to the infinite horrors of the Abyss.
 82711 | Depths:1 | Found a sparkling altar of Nemelex Xobeh.
 82958 | Depths:1 | Found a gateway to Hell.
 83183 | Depths:2 | Received a gift from Okawaru
 84393 | Depths:2 | Found a gateway to a ziggurat.
 84454 | Depths:2 | Noticed a caustic shrike
 84462 | Depths:2 | Killed a caustic shrike
 84462 | Depths:2 | Reached skill level 18 in Axes
 84462 | Depths:2 | Reached skill level 10 in Transmutations
 84720 | Depths:2 | Found a glowing golden altar of the Shining One.
 84837 | Depths:2 | Got a transparent jade ring
 84838 | Depths:2 | Identified the ring "Tuebaeso" {rF+ rC++ Dex+4} (You found
                  | it on level 2 of the Depths)
 85880 | Depths:3 | Received a gift from Okawaru
 86407 | Depths:3 | Identified the +7 plate armour of the Blizzard {rElec
                  | Regen+ Dex+2}
 86407 | Depths:3 | Identified the ring of Ytyipn {MR+ Stlth+}
 86414 | Depths:3 | Found a one-way gate leading to the halls of Pandemonium.
 86428 | Depths:3 | Reached XP level 26. HP: 165/206 MP: 44/44
 87492 | Depths:4 | Received a gift from Okawaru
 88172 | Depths:4 | Noticed a juggernaut
 88178 | Depths:4 | Received a gift from Okawaru
 88180 | Depths:4 | Killed a juggernaut
 88905 | Depths:5 | Entered Level 5 of the Depths
 89996 | Depths:5 | Received a gift from Okawaru
 90595 | Depths:5 | Received a gift from Okawaru
 90595 | Depths:5 | Reached skill level 19 in Axes
 90645 | Depths:5 | Received a gift from Okawaru
 90646 | Depths:5 | Identified the +7 chain mail of the Solstice {Int+2 Dex-5
                  | Stlth+} (Okawaru gifted it to you on level 5 of the Depths)
 90979 | Depths:5 | Reached XP level 27. HP: 215/215 MP: 43/45
 90995 | Depths:5 | Found a gate to the Realm of Zot.
 91765 | Shoals:2 | Bought a scroll of enchant weapon for 112 gold pieces
 92263 | Vaults:5 | Entered Level 5 of the Vaults
 93098 | Vaults:5 | Identified the +7 rapier "Jykhlirph" {flame, rF+ rC+ Dex+3}
 93118 | Vaults:5 | Received a gift from Okawaru
 94461 | Vaults:5 | Identified the amulet "Cat Opsa" {+Rage Str+4}
 94524 | Vaults:5 | Reached skill level 20 in Axes
 94711 | Vaults:5 | Got a silver rune of Zot
 94861 | Vaults:5 | Received a gift from Okawaru
 95221 | Vaults:5 | Identified The Foundations of Thaumaturgy
 95837 | Hell     | Entered the Vestibule of Hell
 95837 | Hell     | Noticed Geryon
 95856 | Hell     | Received a gift from Okawaru
 96074 | Hell     | Killed Geryon
 96233 | Hell     | Received a gift from Okawaru
 96572 | Hell     | Found a gateway to the ashen valley of Gehenna.
 96812 | Hell     | Found a gateway to the decaying netherworld of Tartarus.
 96870 | Hell     | Found a gateway to the freezing wastes of Cocytus.
 97342 | Hell     | Found a gateway to the Iron City of Dis.
 97466 | Hell     | Learned a level 3 spell: Regeneration
 97476 | Hell     | Learned a level 8 spell: Borgnjor's Revivification
 97516 | Coc:1    | Entered Level 1 of Cocytus
 97655 | Coc:1    | Noticed a shard shrike
 97669 | Coc:1    | Killed a shard shrike
 98509 | Coc:1    | Noticed a shard shrike
 98515 | Coc:1    | Killed a shard shrike
 99949 | Coc:2    | Noticed a shard shrike
 99954 | Coc:2    | Killed a shard shrike
100142 | Coc:2    | Received a gift from Okawaru
100222 | Coc:3    | Noticed a shard shrike
100222 | Coc:3    | Noticed a shard shrike
100226 | Coc:3    | Noticed a shard shrike
100227 | Coc:3    | Killed a shard shrike
100227 | Coc:3    | Reached skill level 21 in Axes
100233 | Coc:3    | Killed a shard shrike
100235 | Coc:3    | Received a gift from Okawaru
100237 | Coc:3    | Killed a shard shrike
101151 | Coc:2    | Received a gift from Okawaru
101998 | Coc:4    | Noticed a shard shrike
102013 | Coc:4    | Killed a shard shrike
102116 | Coc:4    | Noticed a shard shrike
102127 | Coc:4    | Killed a shard shrike
102880 | Coc:5    | Received a gift from Okawaru
102995 | Coc:5    | Noticed a shard shrike
103004 | Coc:5    | Killed a shard shrike
103047 | Coc:5    | Received a gift from Okawaru
103193 | Coc:5    | Noticed a shard shrike
103193 | Coc:5    | Noticed a shard shrike
103204 | Coc:5    | Killed a shard shrike
103204 | Coc:5    | Received a gift from Okawaru
103361 | Coc:6    | Noticed a shard shrike
103380 | Coc:6    | Killed a shard shrike
103681 | Coc:7    | Entered Level 7 of Cocytus
104121 | Coc:7    | Noticed a shard shrike
104154 | Coc:7    | Noticed a shard shrike
104154 | Coc:7    | Noticed a shard shrike
104155 | Coc:7    | Noticed a shard shrike
104155 | Coc:7    | Noticed a shard shrike
104160 | Coc:7    | Killed a shard shrike
104162 | Coc:7    | Killed a shard shrike
104163 | Coc:7    | Killed a shard shrike
104166 | Coc:7    | Killed a shard shrike
104187 | Coc:7    | Killed a shard shrike
104187 | Coc:7    | Received a gift from Okawaru
104331 | Coc:7    | Noticed a shard shrike
104339 | Coc:7    | Killed a shard shrike
104339 | Coc:7    | Reached skill level 22 in Axes
104483 | Coc:7    | Received a gift from Okawaru
104679 | D:15     | Learned a level 8 spell: Infestation
104751 | Coc:1    | You fall through a shaft!
104770 | Coc:2    | You fall through a shaft for 2 floors!
104773 | Coc:4    | You fall through a shaft for 2 floors!
104990 | Coc:7    | Received a gift from Okawaru
104991 | Coc:7    | Reached skill level 15 in Transmutations
105026 | Coc:7    | HP: 1/261 [eldritch tentacle[the effects of Hell] (15)]
105027 | Coc:7    | Killed by the effects of Hell

Vault maps used:
D:1:      dpeg_arrival_rooms_with_view
D:2:      lemuel_coloured_pillars_altar, minmay_stone_trees_small, uniq_jessica
D:3:      hangedman_decor_peaks_small
D:4:      grunt_temple_overflow_champion_of_chaos,
          chequers_temple_overflow_statue_of_worship, uniq_menkaure
D:5:      grunt_temple_overflow_open, first_ration, serial_shops,
          nicolae_shop_trees, kennysheep_generic_room_16, uniq_sigmund,
          uniq_pikel, uniq_crazy_yiuf_cottage, uniq_eustachio, uniq_edmund
D:6:      minmay_clustersquares
D:7:      minmay_temple_entry_enclosed_plants, serial_shops, shop
D:8:      lemuel_blue_sif_altar, hangedman_ranch
D:9:      erik_lair_island, minmay_misc_feat_iff
D:10:     hangedman_cross_veins, uniq_joseph
D:11:     special_room, serial_shops, nicolae_shop_crystal
D:12:     minmay_box_of_statues, erik_orc_1
D:13:     ximxim_vaults_locker_room, uniq_kirke
D:14:     basic_altar, nicolae_trove_entry_path_of_doom,
          chequers_serial_rivers_micro_a, minmay_holes
D:15:     hangedman_depths_entry_try_elsewhere_first, solitary_fountain
Temple:   compressed_dpeg_triangle_lava_temple
Lair:1:   ldierk_geyser
Lair:2:   cheibrodos_lair_overgrown_chateau, beast_lair_carwin_7,
          grunt_megastairs_4
Lair:3:   guppyfry_snake_entry_island, patterned_corridor, lemuel_fruit_tree,
          grunt_megastairs_1, infiniplex_staircase_pool_2, serial_bayou_shore_b,
          serial_bayou_shore_b, minmay_lair_oklob_chamber, uniq_gastronok
Lair:4:   elwin_shoals_entry_rocks, serial_bayou_shore_a
Lair:5:   slime_dummy, maelrawn_ghost_gauntlet_escape
Lair:6:   minmay_lair_end_frog_pond, zaba_anthell, uniq_josephine
Shoals:1: uniq_frances
Shoals:2: serial_shops, shop
Shoals:3: argonaut_golden_fleece, serial_shops, shop_fountains
Shoals:4: shoals_end_hangedman, abandoned_shop, nicolae_shoals_circle_sea_wall,
          nicolae_shoals_kraken_intersection
Snake:1:  portal_ice_cave_entry_ice_statue_one, serial_bayou_shore_b
Snake:3:  serial_shops, shop, basic_altar, uniq_vashnia
Snake:4:  snake_pit, hangedman_snake_corridor_split
Orc:1:    serial_shops, nicolae_shop_waterfront, shop, nicolae_shop_trees
Orc:2:    kennysheep_orc_mage_school
Elf:1:    serial_shops, shop, hangedman_elf_disciples, lemuel_flamethrower_1,
          grunt_megastairs_2, minmay_shop_star
Elf:2:    serial_shops, bzr_entry_gold
Elf:3:    minmay_elf_hall_spiked, basic_altar, serial_shops, shop
Vaults:1: ontoclasm_vaults_echo, nicolae_vaults_network_quinsquares,
          vaults_room_grunt_arrival_ludios, vaults_mumra_chevron,
          nicolae_vaults_network_square, nicolae_vaults_big_ls,
          ontoclasm_vaults_idyll, vaults_standard_mumra_enter_the_diamond,
          v_misc_4
Vaults:2: nicolae_vaults_little_ls, hangedman_vaults_impose, v_pattern_3,
          nicolae_vaults_stairing_the_circle, minmay_crypt_entry_vampire_xt,
          v_misc_13, vaults_dpeg_hooks, ontoclasm_vaults_decontamination
Vaults:3: hangedman_vaults_unwind, v_misc_3, hangedman_vaults_corner,
          ontoclasm_vaults_misaligned, vaults_dpeg_encased_lava,
          vaults_room_pools, v_alt_pattern_3, hangedman_vaults_maws,
          nicolae_vaults_little_squares_1, v_pattern_1, vaults_dpeg_diagonal,
          serial_ice_g
Vaults:4: nicolae_vaults_hallways_thing, v_misc_31, ontoclasm_vaults_misaligned,
          nicolae_vaults_theta, vaults_room_boxed, vaults_mumra_minichess,
          nicolae_vaults_quartermaster, vaults_standard_mumra_x,
          vaults_dpeg_doors, v_misc_19, v_alt_pattern_1, ontoclasm_vaults_eye,
          vaults_mumra_hexcomb, vaults_dpeg_ring
Crypt:2:  grunt_megastairs_5
Crypt:3:  david_glass_crypt, tomb_entry_forgotten_bobbens
Depths:1: hellmouth_1, serial_shops, shop, minmay_misc_feat_more_columns,
          mu_enter_wizlab_1, abyss_entry, hex_large,
          minmay_misc_feat_four_crosses, minmay_misc_feat_five, minivault_16,
          nemelex_altar_shiori
Depths:2: abrahamwl_protected_by_tso_2, enter_ziggurat_d,
          grunt_hell_entry_dis_mu, serial_bayou_pond_c, minmay_the_grid_2x2
Depths:3: hangedman_cross_cluster, nicolae_lava_and_water, hell_entry,
          pan_entry, infiniplex_staircase_spiral
Depths:4: cheibrodos_hall_of_evolution, abyss_entry, hangedman_coc_ice_floe,
          serial_sigils_hangedman_writhe, lemuel_flamethrower_hall,
          infiniplex_staircase_pillars_3a
Depths:5: grunt_runaround, hell_entry, pan_entry
Coc:7:    coc_mu
Abyss:2:  evilmike_abyss_exit_5
Bazaar:   bazaar_kb_twisted_cavern
Trove:    trove_garden

Skill      XL: |  1  2  3  4  5  6  7  8  9 10 11 12 13 14 15 16 17 18 19 20 21 22 23 24 25 26 27 |
---------------+----------------------------------------------------------------------------------+-----
Slings         | 3 4 5 6 7 8 9 11 12 13 14 | 14.0
Hexes          | 4 5 6 7 8 10 11 12 13 14 15 16 17 18 19 20 | 20.0
Spellcasting   | 2 3 4 5 6 7 8 9 10 11 12 13 14 15 16 17 18 20 | 20.0
Stealth        | 3 5 6 |  6.0
Fighting       | 3 5 6 8 9 10 11 12 13 14 15 16 17 19 | 19.5
Shields        | 1 2 7 13 15 | 15.0
Invocations    | 2 5 |  5.2
Translocations | 1 2 3 5 6 |  6.0
Dodging        | 4 5 |  5.0
Armour         | 4 7 8 9 10 | 10.0
Axes           | 7 12 13 14 15 16 17 18 19 22 | 22.0
Air Magic      | 1 3 |  3.0
Transmutations | 3 6 8 9 10 11 15 | 15.0
Earth Magic    | 8 10 11 12 | 12.6
Necromancy     | 6 8 9 10 11 14 | 14.8

Action                   |  1- 3 |  4- 6 |  7- 9 | 10-12 | 13-15 | 16-18 | 19-21 | 22-24 | 25-27 || total
-------------------------+-------+-------+-------+-------+-------+-------+-------+-------+-------++-------
Melee: Whip              |    20 |       |       |       |       |       |       |       |       ||    20
       Dagger            |     5 |       |       |       |       |       |       |       |       ||     5
       Broad axe         |       |       |       |       |       |   185 |       |       |       ||   185
       Battleaxe         |       |       |       |       |       |   593 |  1821 |    25 |       ||  2439
       Executioner's axe |       |       |       |       |       |       |     6 |  1109 |  1571 ||  2686
 Fire: Hunting sling     |   101 |   149 |   456 |  1184 |  2854 |  2137 |    91 |       |    66 ||  7038
       Fustibalus        |       |       |       |       |       |       |    51 |    12 |   964 ||  1027
 Cast: Corona            |     7 |    26 |    64 |    54 |       |       |       |       |       ||   151
       Slow              |     7 |     9 |    22 |    54 |    46 |    16 |       |       |       ||   154
       Cause Fear        |       |       |     1 |     3 |     6 |    16 |     4 |       |       ||    30
       Portal Projectile |       |       |       |     6 |    72 |    72 |    11 |     1 |    24 ||   186
       Apportation       |       |       |       |       |    10 |     1 |       |       |    62 ||    73
       Dazzling Spray    |       |       |       |       |     4 |    17 |       |       |       ||    21
       Confuse           |       |       |       |       |       |    48 |    30 |    24 |    37 ||   139
       Sticks to Snakes  |       |       |       |       |       |     1 |       |     7 |    58 ||    66
       Silence           |       |       |       |       |       |       |    27 |     8 |     6 ||    41
       Borgnjor's Vile C |       |       |       |       |       |       |     9 |    33 |   144 ||   186
       Darkness          |       |       |       |       |       |       |     1 |     1 |       ||     2
       Lesser Beckoning  |       |       |       |       |       |       |     1 |       |       ||     1
       Statue Form       |       |       |       |       |       |       |       |    20 |    32 ||    52
       Discord           |       |       |       |       |       |       |       |     9 |    87 ||    96
       Regeneration      |       |       |       |       |       |       |       |       |    23 ||    23
       Passage of Golubr |       |       |       |       |       |       |       |       |     3 ||     3
       Borgnjor's Revivi |       |       |       |       |       |       |       |       |     1 ||     1
Invok: Heroism           |       |       |       |     6 |     7 |    18 |    14 |     6 |    10 ||    61
       Finesse           |       |       |       |       |       |     1 |     1 |       |       ||     2
 Abil: Dig               |       |       |       |     2 |    13 |    21 |    19 |     2 |    19 ||    76
       Shaft Self        |       |       |       |       |     2 |       |       |       |     3 ||     5
       End Transformatio |       |       |       |       |       |       |       |     1 |       ||     1
  Use: Scroll            |     3 |     1 |     2 |    17 |     8 |    12 |    14 |    13 |    14 ||    84
       Potion            |       |       |     1 |       |     2 |     1 |     8 |       |     2 ||    14
 Stab: Fleeing           |       |       |       |       |       |     1 |       |       |       ||     1
       Confused          |       |       |       |       |       |     3 |    14 |    12 |    17 ||    46
       Invisible         |       |       |       |       |       |     1 |       |       |       ||     1
       Distracted        |       |       |       |       |       |       |     2 |       |     3 ||     5
       Sleeping          |       |       |       |       |       |       |       |     1 |     5 ||     6
  Eat: Chunk             |     2 |     7 |    10 |    21 |    44 |    30 |    36 |    27 |    36 ||   213
       Ration            |       |       |     2 |     3 |     1 |    10 |     7 |     6 |    23 ||    52
Armor: Robe              |     9 |     6 |       |       |       |       |       |       |       ||    15
       Ring mail         |       |    22 |    41 |    79 |    44 |       |       |       |       ||   186
       Scale mail        |       |       |       |       |    68 |    18 |       |    18 |    76 ||   180
       Chain mail        |       |       |       |       |       |   152 |   248 |   145 |       ||   545
       Storm dragon scal |       |       |       |       |       |     3 |       |       |       ||     3
       Skin              |       |       |       |       |       |       |       |   121 |   249 ||   370
       Quicksilver drago |       |       |       |       |       |       |       |       |   203 ||   203
Dodge: Dodged            |    27 |    50 |    86 |   126 |   165 |   284 |   358 |   305 |   516 ||  1917
Block: Buckler           |       |       |     2 |    81 |       |       |       |       |       ||    83
       Large shield      |       |       |       |    35 |   954 |  1434 |  1775 |  1437 |  2408 ||  8043
       Reflection        |       |       |       |     1 |    38 |   191 |   219 |   102 |   104 ||   655

Table legend:
 A = Non-vault XP
 B = Vault XP
 C = Vault XP percentage of total XP
 D = Non-vault monster count
 E = Vault monster count
 F = Vault count percentage of total count
                 A         B        C        D         E       F
            +---------+---------+-------+---------+---------+-------
      Total |  840526 |  642296 |  43.3 |    1820 |     961 |  34.6
            +---------+---------+-------+---------+---------+-------
        D:1 |      61 |       3 |   4.7 |      19 |       2 |   9.5
        D:2 |      76 |      37 |  32.7 |      25 |       1 |   3.8
        D:3 |     195 |       0 |   0.0 |      18 |       0 |   0.0
        D:4 |     323 |     836 |  72.1 |      12 |       3 |  20.0
        D:5 |     938 |     664 |  41.4 |      20 |       5 |  20.0
        D:6 |     327 |    1250 |  79.3 |       9 |       8 |  47.1
        D:7 |    1111 |       0 |   0.0 |      28 |       0 |   0.0
        D:8 |    2539 |    2628 |  50.9 |      31 |      14 |  31.1
        D:9 |    3807 |     360 |   8.6 |      18 |       2 |  10.0
       D:10 |    3153 |    2662 |  45.8 |      21 |      19 |  47.5
       D:11 |    5341 |    1362 |  20.3 |      37 |      25 |  40.3
       D:12 |    4502 |    6666 |  59.7 |      28 |      39 |  58.2
       D:13 |    9236 |    4319 |  31.9 |      41 |      10 |  19.6
       D:14 |   14861 |     676 |   4.4 |      39 |       2 |   4.9
       D:15 |   16714 |    3455 |  17.1 |      35 |       4 |  10.3
     Lair:1 |    1481 |     229 |  13.4 |       7 |       2 |  22.2
     Lair:2 |    3439 |    6000 |  63.6 |      13 |      25 |  65.8
     Lair:3 |    4590 |    5628 |  55.1 |      16 |      10 |  38.5
     Lair:4 |    8865 |    1542 |  14.8 |      48 |       2 |   4.0
     Lair:5 |    8532 |    4817 |  36.1 |      31 |       8 |  20.5
     Lair:6 |    4005 |   17895 |  81.7 |      14 |      93 |  86.9
   Shoals:1 |   17311 |    2154 |  11.1 |      32 |       1 |   3.0
   Shoals:2 |   17134 |       0 |   0.0 |      38 |       0 |   0.0
   Shoals:3 |    7061 |    1025 |  12.7 |      13 |       1 |   7.1
   Shoals:4 |    9514 |   23308 |  71.0 |      21 |      32 |  60.4
    Snake:1 |   10447 |     447 |   4.1 |      20 |       1 |   4.8
    Snake:2 |   11845 |       0 |   0.0 |      23 |       0 |   0.0
    Snake:3 |   28559 |    7838 |  21.5 |      63 |       4 |   6.0
    Snake:4 |   17213 |   40824 |  70.3 |      32 |      60 |  65.2
      Orc:1 |    1090 |       0 |   0.0 |      16 |       0 |   0.0
      Orc:2 |    3510 |    8182 |  70.0 |      15 |      37 |  71.2
      Elf:1 |   18742 |    7525 |  28.6 |      34 |      11 |  24.4
      Elf:2 |   12274 |   25403 |  67.4 |      18 |      30 |  62.5
      Elf:3 |   19135 |   45184 |  70.2 |      33 |      30 |  47.6
   Vaults:1 |   37583 |   22416 |  37.4 |      56 |      37 |  39.8
   Vaults:2 |   22730 |   15390 |  40.4 |      40 |      26 |  39.4
   Vaults:3 |   43446 |   17102 |  28.2 |      62 |      28 |  31.1
   Vaults:4 |   27141 |   33754 |  55.4 |      60 |      48 |  44.4
   Vaults:5 |   23934 |   88581 |  78.7 |      45 |      78 |  63.4
    Crypt:1 |   26469 |       0 |   0.0 |      46 |       0 |   0.0
    Crypt:2 |   11203 |    7457 |  40.0 |      18 |      10 |  35.7
    Crypt:3 |   21575 |   24494 |  53.2 |      25 |      12 |  32.4
   Depths:1 |   44986 |    1266 |   2.7 |      83 |       5 |   5.7
   Depths:2 |   29645 |   19506 |  39.7 |      35 |      17 |  32.7
   Depths:3 |   18500 |   30424 |  62.2 |      26 |      25 |  49.0
   Depths:4 |   17377 |   16356 |  48.5 |      23 |      22 |  48.9
   Depths:5 |     282 |   90063 |  99.7 |       1 |      79 |  98.8
       Hell |   26666 |   34673 |  56.5 |      39 |      55 |  58.5
      Coc:1 |   41262 |       0 |   0.0 |      81 |       0 |   0.0
      Coc:2 |   33958 |       0 |   0.0 |      78 |       0 |   0.0
      Coc:3 |   20381 |       0 |   0.0 |      40 |       0 |   0.0
      Coc:4 |   24946 |       0 |   0.0 |      42 |       0 |   0.0
      Coc:5 |   22074 |       0 |   0.0 |      36 |       0 |   0.0
      Coc:6 |   15893 |       0 |   0.0 |      25 |       0 |   0.0
      Coc:7 |   62544 |   17895 |  22.2 |      91 |      38 |  29.5
            +---------+---------+-------+---------+---------+-------
